PAA
ATHLETIC CLUB KC ACADEMY @ SALEM MISFITS
09/01/2028
 
TOP OF THE 1ST
Athletic Club KC Academy batting - Pitching for Salem Misfits : RHP Fernando Villarreal
Pitching: RHP Fernando Villarreal
Batting: RHB Jesús Vargas 0-0: Ball
1-0: Ball
2-0: Called Strike
2-1: Called Strike
2-2: Foul Ball, location: 2F
2-2: Ball
3-2: Foul Ball, location: 2F
3-2: SINGLE (Flyball, 89S)
Batting: LHB Tony García Pickoff Throw to First - Error! E1
Jesús Vargas to second
0-0: Foul Ball, location: 2F
0-1: Ball
1-1: Ground out 3-1 (Groundball, 34)
Jesús Vargas to third
Batting: LHB Tsai Ng 0-0: Foul Ball, location: 2F
0-1: Ball
1-1: Ball
2-1: Foul Ball, location: 2F
2-2: Foul Ball, location: 2F
2-2: Fly out, F5 (Popup, 5)
Batting: LHB Matt Herman 0-0: Ball
1-0: Fly out, F7 (Flyball, 7S)
Top of the 1st over - 0 run(s), 1 hit(s), 1 error(s), 1 left on base; Athletic Club KC Academy 0 - Salem 0
BOTTOM OF THE 1ST
Salem Misfits batting - Pitching for Athletic Club KC Academy : RHP Kas Groen
Pitching: RHP Kas Groen
Batting: LHB Rodrigo Gómez 0-0: Called Strike
0-1: Ball
1-1: Ground out 6-3 (Groundball, 6MS)
Batting: RHB Ramón Ávila 0-0: Ball
1-0: Foul Ball, location: 2F
1-1: Ball
2-1: Swinging Strike
2-2: Ground out 5-3 (Groundball, 5)
Batting: RHB Jorge Gómez 0-0: Called Strike
0-1: Ball
1-1: Swinging Strike
1-2: Ball
2-2: Foul Ball, location: 2F
2-2: Fly out, F8 (Flyball, 8LM)
Bottom of the 1st over - 0 run(s), 0 hit(s), 0 error(s), 0 left on base; Athletic Club KC Academy 0 - Salem 0
TOP OF THE 2ND
Athletic Club KC Academy batting - Pitching for Salem Misfits : RHP Fernando Villarreal
Batting: RHB Andrés Medina 0-0: Ball
1-0: Ball
2-0: Ball
3-0: Base on Balls
Batting: LHB Héctor Barrios 0-0: Called Strike
0-1: Foul Ball, location: 2F
0-2: Hit by Pitch
Andrés Medina to second
Batting: RHB Khal Drogo 0-0: Swinging Strike
0-1: Swinging Strike
0-2: Ball
1-2: Ball
2-2: Fielders Choice at 2nd, 1-6 (Groundball, 13)
Andrés Medina to third
Batting: RHB Fernando Rodríguez 0-0: Called Strike
0-1: Ball
1-1: Foul Ball, location: 2F
1-2: Ball
2-2: SINGLE (Groundball, 34D)
Andrés Medina scores
Khal Drogo to second
Khal Drogo to third
Batting: SHB Gerald Merendino 0-0: Ball
1-0: Foul Ball, location: 2F
1-1: Fly out, F8 (Flyball, 8RD)
Runner from 3rd tags up, SCORES, no throw
Batting: RHB Jesús Vargas 0-0: Ball
1-0: Ball
2-0: SINGLE (Line Drive, 4M)
Fernando Rodríguez to second
Batting: LHB Tony García 0-0: Ball
1-0: Called Strike
1-1: Ball
2-1: SINGLE (Groundball, 34D)
Fernando Rodríguez to third
Jesús Vargas to second
Runner from 3rd tries for Home, SAFE, no throw
Batting: LHB Tsai Ng 0-0: Ball
1-0: Ball
2-0: Foul Ball, location: 2F
2-1: Called Strike
2-2: Foul Ball, location: 2F
2-2: Ball
3-2: Ground out 4-3 (Groundball, 4)
Top of the 2nd over - 3 run(s), 3 hit(s), 0 error(s), 2 left on base; Athletic Club KC Academy 3 - Salem 0
BOTTOM OF THE 2ND
Salem Misfits batting - Pitching for Athletic Club KC Academy : RHP Kas Groen
Batting: LHB Tyler Knopp 0-0: Swinging Strike
0-1: Ball
1-1: Foul Ball, location: 2F
1-2: Foul Ball, location: 2F
1-2: Ball
2-2: Fly out, F9 (Flyball, 9)
Batting: LHB Austin Hathaway 0-0: Swinging Strike
0-1: Foul Ball, location: 2F
0-2: Ball
1-2: Strikes out swinging
Batting: LHB Cris Gonzáles 0-0: Called Strike
0-1: Foul Ball, location: 2F
0-2: Ball
1-2: Ground out 4-3 (Groundball, 4)
Bottom of the 2nd over - 0 run(s), 0 hit(s), 0 error(s), 0 left on base; Athletic Club KC Academy 3 - Salem 0
TOP OF THE 3RD
Athletic Club KC Academy batting - Pitching for Salem Misfits : RHP Fernando Villarreal
Batting: LHB Matt Herman 0-0: DOUBLE (Line Drive, 8LXD)
Batting: RHB Andrés Medina 0-0: Ball
1-0: Fly out, F7 (Flyball, 78S)
Batting: LHB Héctor Barrios 0-0: Swinging Strike
0-1: Swinging Strike
0-2: SINGLE (Line Drive, 56D)
Matt Herman to third
Runner from 3rd tries for Home, SAFE, throw made home
Héctor Barrios to second
Batting: RHB Khal Drogo 0-0: Ball
1-0: Foul Ball, location: 2F
1-1: Ball
2-1: SINGLE (Line Drive, 56D)
Héctor Barrios to third
Runner from 3rd tries for Home, SAFE, throw made home
Khal Drogo to second
Batting: RHB Fernando Rodríguez 0-0: Ball
1-0: Ball
2-0: Ball
3-0: Called Strike
3-1: Reached via error on a dropped throw, E3
Khal Drogo to third
Batting: SHB Gerald Merendino 0-0: Foul Ball, location: 2F
0-1: Ball
1-1: Ball
2-1: Foul Ball, location: 2F
2-2: Strikes out swinging
Batting: RHB Jesús Vargas 0-0: Fielders Choice at 2nd, 6-4 (Groundball, 56)
Top of the 3rd over - 2 run(s), 3 hit(s), 1 error(s), 1 left on base; Athletic Club KC Academy 5 - Salem 0
BOTTOM OF THE 3RD
Salem Misfits batting - Pitching for Athletic Club KC Academy : RHP Kas Groen
Batting: RHB Vicente Andros 0-0: Ball
1-0: Swinging Strike
1-1: Ball
2-1: Ball
3-1: Ground out 1-3 (Groundball, 15S)
Batting: RHB Ryan Fiore 0-0: Ball
1-0: Swinging Strike
1-1: Ball
2-1: Foul Ball, location: 2F
2-2: Strikes out swinging
Batting: RHB Paul O'Neill 0-0: Ball
1-0: Foul Ball, location: 2F
1-1: Ball
2-1: Foul Ball, location: 2F
2-2: Ball
3-2: Base on Balls
Batting: LHB Rodrigo Gómez 0-0: Ball
1-0: Foul Ball, location: 2F
1-1: Fly out, F8 (Flyball, 8RS)
Bottom of the 3rd over - 0 run(s), 0 hit(s), 0 error(s), 1 left on base; Athletic Club KC Academy 5 - Salem 0
TOP OF THE 4TH
Athletic Club KC Academy batting - Pitching for Salem Misfits : RHP Fernando Villarreal
Batting: LHB Tony García 0-0: Ball
1-0: Foul Ball, location: 2F
1-1: Foul Ball, location: 2F
1-2: Fly out, F9 (Flyball, 9S)
Batting: LHB Tsai Ng 0-0: Ball
1-0: Foul Ball, location: 2F
1-1: Ball
2-1: Ball
3-1: Called Strike
3-2: Base on Balls
Batting: LHB Matt Herman 0-0: Called Strike
0-1: Grounds into double play, 6-4-3 (Groundball, 6)
Top of the 4th over - 0 run(s), 0 hit(s), 0 error(s), 0 left on base; Athletic Club KC Academy 5 - Salem 0
BOTTOM OF THE 4TH
Salem Misfits batting - Pitching for Athletic Club KC Academy : RHP Kas Groen
Batting: RHB Ramón Ávila 0-0: Ball
1-0: Foul Ball, location: 2F
1-1: Foul Ball, location: 2F
1-2: Ball
2-2: Ball
3-2: Base on Balls
Batting: RHB Jorge Gómez 0-0: Ball
1-0: SINGLE (Line Drive, 8LS)
Ramón Ávila to second
Batting: LHB Tyler Knopp 0-0: Ball
1-0: Ball
2-0: Swinging Strike
2-1: Swinging Strike
2-2: Ball
3-2: Base on Balls
Ramón Ávila to third
Jorge Gómez to second
Batting: LHB Austin Hathaway 0-0: Ball
1-0: Ball
2-0: Foul Ball, location: 2F
2-1: Foul Ball, location: 2F
2-2: Ball
3-2: Foul Ball, location: 2F
3-2: Fly out, F6 (Line Drive, 6)
Batting: LHB Cris Gonzáles 0-0: Ball
1-0: Ball
2-0: Ball
3-0: Foul Ball, location: 2F
3-1: Called Strike
3-2: Foul Ball, location: 2F
3-2: Grounds into double play, 4-6-3 (Groundball, 4)
Bottom of the 4th over - 0 run(s), 1 hit(s), 0 error(s), 2 left on base; Athletic Club KC Academy 5 - Salem 0
TOP OF THE 5TH
Athletic Club KC Academy batting - Pitching for Salem Misfits : RHP Fernando Villarreal
Batting: RHB Andrés Medina 0-0: Ball
1-0: Ball
2-0: Ball
3-0: Called Strike
3-1: Called Strike
3-2: Foul Ball, location: 2F
3-2: Base on Balls
Batting: LHB Héctor Barrios 0-0: Called Strike
0-1: Foul Ball, location: 2F
0-2: Strikes out swinging
Batting: RHB Khal Drogo 0-0: Ball
Wild Pitch!
Andrés Medina to second
1-0: Called Strike
1-1: Foul Ball, location: 2F
1-2: Ball
2-2: Strikes out swinging
Batting: RHB Fernando Rodríguez 0-0: SINGLE (Line Drive, 56D)
Andrés Medina to third
Runner from 3rd tries for Home, SAFE, no throw
Pitching: LHP Rob Murphy
Batting: SHB Gerald Merendino 0-0: Called Strike
0-1: Ball
1-1: Ball
2-1: Called Strike
2-2: Ball
3-2: Strikes out swinging
Top of the 5th over - 1 run(s), 1 hit(s), 0 error(s), 1 left on base; Athletic Club KC Academy 6 - Salem 0
BOTTOM OF THE 5TH
Salem Misfits batting - Pitching for Athletic Club KC Academy : RHP Kas Groen
Batting: RHB Vicente Andros 0-0: Ball
1-0: Foul Ball, location: 2F
1-1: Called Strike
1-2: SINGLE (Flyball, 8LS)
Batting: RHB Ryan Fiore 0-0: Foul Ball, location: 2F
0-1: Foul Ball, location: 2F
0-2: Fly out, F8 (Flyball, 8LXD)
Batting: RHB Paul O'Neill 0-0: Swinging Strike
0-1: Ball
1-1: Ball
2-1: Ball
3-1: Called Strike
3-2: Strikes out swinging
Batting: LHB Rodrigo Gómez 0-0: Called Strike
0-1: Ball
1-1: Foul Ball, location: 2F
1-2: Ball
2-2: DOUBLE (Flyball, 89D)
Vicente Andros to third
Runner from 3rd tries for Home, SAFE, throw made at trailing runner, SAFE at third!
Batting: RHB Ramón Ávila 0-0: Ball
1-0: Swinging Strike
1-1: Foul Ball, location: 2F
1-2: Ball
2-2: Foul Ball, location: 2F
2-2: Ball
3-2: Strikes out swinging
Bottom of the 5th over - 1 run(s), 2 hit(s), 0 error(s), 1 left on base; Athletic Club KC Academy 6 - Salem 1
TOP OF THE 6TH
Athletic Club KC Academy batting - Pitching for Salem Misfits : LHP Rob Murphy
Batting: RHB Jesús Vargas 0-0: Called Strike
0-1: Ball
1-1: Ball
2-1: Ball
3-1: Foul Ball, location: 2F
3-2: Strikes out swinging
Batting: LHB Tony García 0-0: Ball
1-0: Called Strike
1-1: Ball
2-1: Ball
3-1: Fly out, F7 (Line Drive, 7)
Batting: LHB Tsai Ng 0-0: Called Strike
0-1: Foul Ball, location: 2F
0-2: Foul Ball, location: 2F
0-2: Ball
1-2: Strikes out looking
Top of the 6th over - 0 run(s), 0 hit(s), 0 error(s), 0 left on base; Athletic Club KC Academy 6 - Salem 1
BOTTOM OF THE 6TH
Salem Misfits batting - Pitching for Athletic Club KC Academy : RHP Kas Groen
Batting: RHB Jorge Gómez 0-0: Ground out 4-3 (Groundball, 4)
Batting: LHB Tyler Knopp 0-0: Ground out U3 (Groundball, 3)
Batting: LHB Austin Hathaway 0-0: Called Strike
0-1: Ball
1-1: Fly out, F9 (Flyball, 9LM)
Bottom of the 6th over - 0 run(s), 0 hit(s), 0 error(s), 0 left on base; Athletic Club KC Academy 6 - Salem 1
TOP OF THE 7TH
Athletic Club KC Academy batting - Pitching for Salem Misfits : LHP Rob Murphy
Batting: LHB Matt Herman 0-0: Called Strike
0-1: Ball
1-1: Ball
2-1: Ball
3-1: Fly out, F2 (Popup, 3S)
Batting: RHB Andrés Medina 0-0: Ball
1-0: Swinging Strike
1-1: Called Strike
1-2: Strikes out swinging
Batting: LHB Héctor Barrios 0-0: Foul Ball, location: 2F
0-1: Swinging Strike
0-2: Ball
1-2: Strikes out looking
Top of the 7th over - 0 run(s), 0 hit(s), 0 error(s), 0 left on base; Athletic Club KC Academy 6 - Salem 1
BOTTOM OF THE 7TH
Salem Misfits batting - Pitching for Athletic Club KC Academy : RHP Kas Groen
Batting: LHB Cris Gonzáles 0-0: Ball
1-0: Ball
2-0: Called Strike
2-1: SINGLE (Flyball, 7S)
Pitching: RHP Ernesto Lucero
Batting: RHB Vicente Andros 0-0: Called Strike
0-1: Ball
1-1: 2-RUN HOME RUN (Flyball, 78XD), Distance : 415 ft
Batting: RHB Ryan Fiore 0-0: Called Strike
0-1: SINGLE (Flyball, 78S)
Batting: RHB Paul O'Neill 0-0: Sac Bunt - play at first, batter OUT! 2-3
Ryan Fiore to second
Batting: LHB Rodrigo Gómez 0-0: Ball
1-0: Ball
2-0: Called Strike
2-1: Ground out 1-3 (Groundball, 15S)
Batting: RHB Ramón Ávila 0-0: Called Strike
0-1: Foul Ball, location: 2F
0-2: Ball
1-2: Ground out 4-3 (Groundball, 4)
Bottom of the 7th over - 2 run(s), 3 hit(s), 0 error(s), 1 left on base; Athletic Club KC Academy 6 - Salem 3
TOP OF THE 8TH
Athletic Club KC Academy batting - Pitching for Salem Misfits : LHP Rob Murphy
Batting: RHB Khal Drogo 0-0: Swinging Strike
0-1: Called Strike
0-2: Ball
1-2: Strikes out looking
Batting: RHB Fernando Rodríguez 0-0: Ball
1-0: Ball
2-0: Ball
3-0: Base on Balls
Batting: SHB Gerald Merendino 0-0: Called Strike
0-1: Ball
1-1: Called Strike
1-2: Ball
2-2: Ball
3-2: Strikes out looking
Batting: RHB Jesús Vargas 0-0: Called Strike
0-1: Fly out, F8 (Flyball, 8LD)
Top of the 8th over - 0 run(s), 0 hit(s), 0 error(s), 1 left on base; Athletic Club KC Academy 6 - Salem 3
BOTTOM OF THE 8TH
Salem Misfits batting - Pitching for Athletic Club KC Academy : RHP Ernesto Lucero
Batting: RHB Jorge Gómez 0-0: Swinging Strike
0-1: Ball
1-1: Ball
2-1: Foul Ball, location: 2F
2-2: Strikes out swinging
Batting: LHB Tyler Knopp 0-0: Ball
1-0: Fly out, F6 (Flyball, 56D)
Batting: LHB Austin Hathaway 0-0: Called Strike
0-1: Foul Ball, location: 2F
0-2: Ball
1-2: Ball
2-2: Ball
3-2: Fly out, F6 (Line Drive, 6M)
Bottom of the 8th over - 0 run(s), 0 hit(s), 0 error(s), 0 left on base; Athletic Club KC Academy 6 - Salem 3
TOP OF THE 9TH
Athletic Club KC Academy batting - Pitching for Salem Misfits : LHP Rob Murphy
Batting: LHB Tony García 0-0: Swinging Strike
0-1: Called Strike
0-2: Ball
1-2: Ball
2-2: Foul Ball, location: 2F
2-2: SINGLE (Groundball, 4D)
Batting: LHB Tsai Ng 0-0: Ball
1-0: Ball
2-0: Called Strike
2-1: Swinging Strike
2-2: Foul Ball, location: 2F
2-2: 2-RUN HOME RUN (Flyball, 9D), Distance : 396 ft
Batting: LHB Matt Herman 0-0: Fly out, F6 (Line Drive, 6M)
Batting: RHB Andrés Medina 0-0: Ball
1-0: Swinging Strike
1-1: Ball
2-1: Ball
3-1: Base on Balls
Batting: LHB Héctor Barrios 0-0: Ball
1-0: Ball
2-0: Foul Ball, location: 2F
2-1: Ball
3-1: Foul Ball, location: 2F
3-2: Fly out, F8 (Line Drive, 89D)
Batting: RHB Khal Drogo 0-0: Called Strike
0-1: SINGLE (Flyball, 89S)
Andrés Medina to second
Batting: RHB Fernando Rodríguez 0-0: Called Strike
0-1: Ball
1-1: Swinging Strike
1-2: Strikes out swinging
Top of the 9th over - 2 run(s), 3 hit(s), 0 error(s), 2 left on base; Athletic Club KC Academy 8 - Salem 3
BOTTOM OF THE 9TH
Salem Misfits batting - Pitching for Athletic Club KC Academy : RHP Ernesto Lucero
Pitching: RHP Jeremy G. Wentworth
Batting: LHB Cris Gonzáles 0-0: Foul Ball, location: 2F
0-1: SINGLE (Line Drive, 8LS)
Batting: RHB Vicente Andros 0-0: Ball
1-0: Ground out 6-3 (Groundball, 6S)
Cris Gonzáles to second
Batting: RHB Ryan Fiore 0-0: Called Strike
0-1: Ball
1-1: Called Strike
1-2: Foul Ball, location: 2F
1-2: Fly out, F7 (Flyball, 7LSF)
Batting: RHB Paul O'Neill 0-0: Ball
1-0: Called Strike
1-1: Ball
2-1: Ball
3-1: Base on Balls
Batting: LHB Rodrigo Gómez 0-0: Ball
1-0: Foul Ball, location: 2F
1-1: Ball
2-1: Ball
3-1: Base on Balls
Cris Gonzáles to third
Paul O'Neill to second
Batting: RHB Ramón Ávila 0-0: Ball
1-0: Foul Ball, location: 2F
1-1: Fly out, F9 (Flyball, 9S)
Bottom of the 9th over - 0 run(s), 1 hit(s), 0 error(s), 3 left on base; Athletic Club KC Academy 8 - Salem 3
Thursday, August 31st, 2017 - OOTP Baseball 17.12 Build 75